 Dungeon Crawl Stone Soup version 0.27-a0-1196-g3e9cee4cb2 (webtiles) character file.

Game seed: 681229467129655820

115194 porpoise the Destroyer (level 16, -6/92 HPs)
             Began as a Deep Elf Conjurer on May 28, 2021.
             Was a High Priest of Sif Muna.
             Killed from afar by a shock serpent (32 damage)
             ... with a bolt of electricity
             ... on level 1 of the Snake Pit.
             The game lasted 03:59:29 (42763 turns).

porpoise the Destroyer (Deep Elf Conjurer)         Turns: 42763, Time: 03:59:29

Health: -6/92      AC:  9    Str: 15    XL:     16   Next: 18%
Magic:  34/43      EV: 16    Int: 37    God:    Sif Muna [*****.]
Gold:   2012       SH:  7    Dex: 13    Spells: 1/39 levels left

rFire    + + .     SeeInvis .   b - +3 hunting sling of Skirmishing {venom, rF+ Str+6}
rCold    + . .     Faith    .   o - +2 buckler
rNeg     . . .     Spirit   .   T - +2 robe of Pandemonium {*Slow rPois rF+ Str+2}
rPois    +         Reflect  .   f - +0 helmet
rElec    .         Harm     .   p - +0 cloak
rCorr    +         Rampage  .   I - +0 pair of gloves
Will     +....                  v - +0 pair of boots of Yguxtobi {Slay+3}
Stlth    ++++......             u - amulet of the acrobat
HPRegen  0.25/turn              h - ring of Xom's Wantonness {MP+9 Int+4}
MPRegen  0.28/turn              H - ring "Lolu" {rC+ rCorr Int+5}

@: no status effects
A: no striking features
a: Renounce Religion, Channel Magic, Forget Spell, Divine Exegesis


You were on level 1 of the Snake Pit.
You worshipped Sif Muna.
Sif Muna was extremely pleased with you.
You visited 5 branches of the dungeon, and saw 25 of its levels.

You collected 3346 gold pieces.
You spent 1334 gold pieces at shops.

Inventory:

Hand Weapons
 a - a +2 whip of draining
 b - the +3 hunting sling of Skirmishing (weapon) {venom, rF+ Str+6}
   (You took it off a gnoll on level 4 of the Dungeon)

   It poisons the ammo it fires.
   It affects your strength (+6).
   It protects you from fire.
Missiles
 d - 552 stones
 g - 14 arrows
 n - 69 sling bullets (quivered ammo)
 r - an atropa-tipped dart
 O - 2 curare-tipped darts
Armour
 f - a +0 helmet (worn)
 o - a +2 buckler (worn)
 p - a +0 cloak (worn)
 v - the +0 pair of boots of Yguxtobi (worn) {Slay+3}
   (You found it on level 8 of the Dungeon)

   It affects your accuracy and damage with ranged weapons and melee attacks
   (+3).
 I - a +0 pair of gloves (worn)
 T - the +2 robe of Pandemonium (worn) {*Slow rPois rF+ Str+2}
   (You found it on level 8 of the Dungeon)

   It affects your strength (+2).
   It protects you from fire.
   It protects you from poison.
   It may slow you when you take damage.
Magical Staves
 w - a staff of earth
Jewellery
 h - the ring of Xom's Wantonness (left hand) {MP+9 Int+4}
   (You bought it in a shop on level 5 of the Dungeon)

   [ring of magical power]

   It affects your intelligence (+4).
   It affects your magic capacity (+9).
 k - an amulet of reflection
 u - an amulet of the acrobat (around neck)
 H - the ring "Lolu" (right hand) {rC+ rCorr Int+5}
   (You bought it in a shop on level 11 of the Dungeon)

   [ring of protection from cold]

   It affects your intelligence (+5).
   It protects you from cold.
   It protects you from acid and corrosion.
 U - a ring of flight
Wands
 s - a wand of digging (11)
 B - a wand of paralysis (17)
 J - a wand of acid (9)
 K - a wand of iceblast (20)
 Z - a wand of mindburst (55)
Scrolls
 c - 11 scrolls of teleportation
 i - 4 scrolls of blinking
 q - 13 scrolls of identify
 z - a scroll of silence
 D - 4 scrolls of fog
 G - a scroll of vulnerability
 N - 3 scrolls of fear
 S - 2 scrolls of magic mapping
Potions
 e - 2 potions of might
 j - 3 potions of haste
 l - 6 potions of heal wounds
 m - 14 potions of curing
 t - a potion of resistance
 E - 2 potions of lignification
 P - a potion of magic
Miscellaneous
 A - a condenser vane


   Skills:
 - Level 7.0 Fighting
 - Level 5.0 Armour
 - Level 9.0 Dodging
 + Level 8.2 Stealth
 - Level 7.0 Shields
 - Level 12.0 Spellcasting
 - Level 12.0 Conjurations
 * Level 7.9 Hexes
 - Level 5.0 Summonings
 - Level 9.0 Translocations
 - Level 5.0 Transmutations
 * Level 11.1 Fire Magic
 - Level 7.0 Earth Magic
 - Level 12.0 Invocations
 - Level 7.0 Evocations


You had one spell level left.
You knew the following spells:

 Your Spells              Type           Power      Damage    Failure   Level
c - Iskenderun's Mystic   Conj/Tloc      79%        2d16      1%          4
d - Fulminant Prism       Conj/Hex       38%        3d18      1%          4
e - Lee's Rapid Deconstr  Erth           32%        3d18*     2%          5
f - Fireball              Conj/Fire      41%        3d17      1%          5
k - Blink                 Tloc           N/A        N/A       1%          2
r - Irradiate             Conj/Tmut      35%        3d25      1%          5
s - Stone Arrow           Conj/Erth      100%       3d13      1%          3
t - Tukima's Dance        Hex            69%        N/A       1%          3
v - Summon Mana Viper     Hex/Summ       63%        N/A       3%          5
w - Passwall              Tmut/Erth      50%        N/A       1%          2

Your spell library contained the following spells:

 Spells                   Type           Power      Damage    Failure   Level
 Foxfire                  Conj/Fire      100%       2x1d9     0%          1
 Magic Dart               Conj           100%       1d8       0%          1
 Animate Skeleton         Necr           44%        N/A       1%          1
 Apportation              Tloc           100%       N/A       1%          1
 Corona                   Hex            76%        N/A       1%          1
 Pain                     Necr           88%        1d8       1%          1
 Sandblast                Erth           100%       2d20      1%          1
 Summon Small Mammal      Summ           100%       N/A       1%          1
 Call Imp                 Summ           56%        N/A       1%          2
 Searing Ray              Conj           100%       3d7       1%          2
 Slow                     Hex            69%        N/A       1%          2
 Static Discharge         Conj/Air       61%        N/A       1%          2
 Confusing Touch          Hex            69%        N/A       1%          3
 Conjure Flame            Conj/Fire      82%        6-21      1%          3
 Dazzling Flash           Conj/Hex       100%       N/A       1%          3
 Gell's Gravitas          Tloc           36%        N/A       1%          3
 Inner Flame              Hex/Fire       75%        N/A       1%          3
 Lesser Beckoning         Tloc           36%        N/A       1%          3
 Portal Projectile        Hex/Tloc       100%       N/A       1%          3
 Summon Guardian Golem    Hex/Summ       63%        N/A       1%          3
 Teleport Other           Tloc           73%        N/A       1%          3
 Cause Fear               Hex            34%        N/A       1%          4
 Leda's Liquefaction      Hex/Erth       33%        N/A       1%          4
 Passage of Golubria      Tloc           N/A        N/A       1%          4
 Petrify                  Tmut/Erth      61%        N/A       1%          4
 Sticky Flame             Conj/Fire      82%        2d9       1%          4
 Bolt of Magma            Conj/Fire/Erth 38%        4d16      1%          5
 Sublimation of Blood     Necr           11%        N/A       2%          2
 Summon Forest            Summ/Tloc      32%        N/A       2%          5
 Lightning Bolt           Conj/Air       30%        1d47      4%          5
 Swiftness                Air            22%        N/A       5%          3
 Vampiric Draining        Necr           11%        2d7       5%          3
 Invisibility             Hex            69%        N/A       11%         6
 Animate Dead             Necr           11%        N/A       17%         4
 Statue Form              Tmut/Erth      40%        N/A       22%         6
 Blade Hands              Tmut           28%        N/A       34%         6
 Spellforged Servitor     Conj/Summ      35%        N/A       41%         7
 Agony                    Necr           22%        N/A       43%         5
 Malign Gateway           Summ/Tloc      32%        N/A       63%         7
 Ignition                 Fire           40%        3d12      75%         8
 Dragon Form              Tmut           28%        N/A       88%         7
 Disjunction              Tloc           36%        N/A       96%         8
 Discord                  Hex            34%        N/A       99%         8
 Dragon's Call            Summ           28%        N/A       100%        9
 Shatter                  Erth           32%        3d26*     100%        9
 Tornado                  Air            11%        N/A       100%        9


Dungeon Overview and Level Annotations

Branches:
Dungeon (15/15)            Temple (1/1) D:6            Lair (6/6) D:8
 Shoals (0/4) Lair:4        Snake (1/4) Lair:2        Slime (0/5) Lair:5
    Orc (2/2) D:9             Elf (0/3) Orc:2        Vaults (0/5) D:14
 Depths (0/5) D:15

Altars:
Ashenzari
Cheibriados
Dithmenos
Elyvilon
Fedhas
Gozag
Hepliaklqana
Kikubaaqudgha
Makhleb
Nemelex Xobeh
Okawaru
Qazlal
Ru
Sif Muna
Trog
Uskayaw
Vehumet
Wu Jian
Xom
Yredelemnul
Zin
The Shining One
Beogh
Jiyva

Shops:
D:1 (   D:5 =   D:8 (   D:9 [   D:11 =   Orc:2 *=([*

Annotations:
D:10 Fire dragon
Lair:6 exclusion: upstairs
Snake:1 Donald


Message History

Aiming: Stone Arrow (safe; 1% risk of failure)
Press: ? - help, Shift-Dir - straight line, f - shock serpent
Aim: a shock serpent (63% to hit)
The stone arrow hits the shock serpent!!
The shock serpent is moderately wounded.
The shock serpent's electric aura discharges, shocking you!
The shock serpent shoots out a bolt of lightning at you!
The bolt of electricity hits you!!
The shock serpent shoots out a bolt of lightning at you!
The bolt of electricity hits you!!
Casting: Stone Arrow (safe; 1% risk of failure)
Confirm with . or Enter, or press ? or * to list all spells.
Aiming: Lee's Rapid Deconstruction (dangerous; 2% risk of failure)
Press: ? - help, Dir - move target, p - shock serpent A rock wall.
Okay, then.
Unknown command.
Unknown command.
Casting: Lee's Rapid Deconstruction (dangerous; 2% risk of failure)
Confirm with . or Enter, or press ? or * to list all spells.
Aiming: Stone Arrow (safe; 1% risk of failure)
Press: ? - help, Shift-Dir - straight line, f/p - shock serpent
Aim: a shock serpent (moderately wounded, 63% to hit)
The stone arrow hits the shock serpent!
The shock serpent is heavily wounded.
The shock serpent's electric aura discharges, shocking you!
Donald says, "Did all the warriors here go to shield school or something?"
You block the shock serpent's attack.
Casting: Stone Arrow (safe; 1% risk of failure)
Confirm with . or Enter, or press ? or * to list all spells.
You erupt in a blast of force!
The mystic blast hits the shock serpent!!
The shock serpent is almost dead.
The shock serpent is knocked back by the mystic blast.
The shock serpent's electric aura discharges, shocking you!
* * * LOW HITPOINT WARNING * * *
You hear a shout!
You hear an angry hiss. x2
The shock serpent shoots out a bolt of lightning at you!
The bolt of electricity hits you!!
You die...

..# .. ...#
#.. ....# #..
...## #..
#.@.## #.#
#...## #.#
#..S##.# .#
###...######
#.##
###@.....#
#..# ##.....##
#..## ##.....#
#..## #.....##
#..###......##
#.............
#..)#########.
##..## #..##


You could see Donald and a shock serpent.

Vanquished Creatures
  Rupert (Lair:3)
  Gastronok (D:8)
  Kirke (Lair:6)
  3 orc warlords
  Azrael (D:13)
  Nessos (Lair:4)
  2 fire dragons
  3 boulder beetles
  7 hydras
  A naga warrior (Snake:1)
  Erolcha (Orc:2)
  5 two-headed ogres
  3 centaur warriors
  2 anacondas (Snake:1)
  A catoblepas (Lair:6)
  2 dancing weapons (D:13)
  Erica (D:8)
  5 death yaks
  2 orc high priests
  Urug (Lair:1)
  Sonja (D:10)
  A naga sharpshooter (Snake:1)
  A skeletal warrior (D:15)
  A fire crab (Lair:6)
  A flayed ghost (D:15)
  A naga ritualist (Lair:2)
  A swamp dragon (Lair:6)
  A lindwurm (Lair:6)
  A necromancer (D:15)
  A sphinx zombie (D:15)
  Pikel (D:4)
  7 orc knights
  A wizard (D:9)
  7 ugly things
  A tengu skeleton (D:15)
  A deep elf pyromancer (D:14)
  3 orc sorcerers
  2 mana vipers
  4 oklob plants (Lair:4)
  4 cyclopes
  A salamander (Lair:2)
  7 manticores
  A fire giant skeleton (D:15)
  11 elephants
  7 black mambas
  2 merfolk sirens (Lair:4)
  3 torpor snails
  2 gargoyles (D:12)
  An unseen horror (D:11)
  7 cane toads
  6 rime drakes
  2 kobold demonologists (D:11)
  A tengu conjurer (D:15)
  10 komodo dragons
  A guardian mummy (D:15)
  2 merfolk (Lair:4)
  12 trolls
  4 hornets
  2 polar bears
  24 blink frogs
  A blink frog (shapeshifter) (D:15)
  5 slime creatures
  Grinder (D:4)
  8 dream sheep (Lair:6)
  A fire dragon skeleton (D:15)
  A shadow (D:11)
  A centaur simulacrum (D:14)
  2 wyverns
  67 yaks
  A wyvern (shapeshifter) (D:15)
  4 wraiths
  12 basilisks
  A hog (Lair:6)
  Eustachio (D:4)
  4 fire elementals (D:13)
  7 vampire mosquitoes
  3 steam dragons
  Menkaure (D:6)
  4 nagas
  6 wargs
  Edmund (D:4)
  3 hell hounds (D:13)
  6 acid dragons
  11 water moccasins
  Duvessa (D:6)
  A hornet zombie (D:6)
  3 black bears
  43 orc warriors
  33 wolves
  3 necrophages
  10 ogres
  9 centaurs
  8 bullfrogs
  2 kobold brigands
  2 scorpions (D:7)
  A gnoll sergeant (D:8)
  Dowan (D:6)
  A water moccasin skeleton (D:5)
  3 killer bees (D:9)
  6 wights
  An electric eel (Lair:3)
  6 howler monkeys
  A crimson imp (D:9)
  A bullfrog zombie (D:5)
  A centaur skeleton (D:7)
  10 jellies
  6 centaur zombies
  A gnoll shaman (D:5)
  16 orc priests
  A hound (D:6)
  3 bullfrog skeletons
  5 hell rats (Lair:4)
  7 iguanas
  28 orc wizards
  A hound zombie (D:5)
  3 howler monkey zombies
  8 adders
  9 gnolls
  8 river rats (D:6)
  An ufetubus (D:5)
  An adder zombie (D:5)
  A worm (D:5)
  A dart slug (D:1)
  94 orcs
  7 ball pythons
  14 endoplasms
  4 giant cockroaches
  12 goblins
  5 hobgoblins
  5 jackals
  20 kobolds
  10 quokkas
  9 bats
  4 frilled lizards
  16 rats
790 creatures vanquished.

Vanquished Creatures (collateral kills)
  A dire elephant (Lair:6)
1 creature vanquished.

Vanquished Creatures (others)
  2 orcs (Orc:2)
  19 fulminant prisms
  83 fungi
  136 plants
  12 withered plants (D:15)
252 creatures vanquished.

Grand Total: 1043 creatures vanquished

Notes
Turn   | Place    | Note
-------+----------+-------------------------------------------
     0 | D:1      | porpoise the Deep Elf Conjurer began the quest for the Orb.
     0 | D:1      | Reached XP level 1. HP: 10/10 MP: 6/6
   275 | D:1      | Reached XP level 2. HP: 15/15 MP: 5/8
   555 | D:1      | Learned a level 2 spell: Searing Ray
  1001 | D:1      | Found Uzazoc's Antique Weapon Shoppe.
  1206 | D:2      | Reached skill level 5 in Conjurations
  1206 | D:2      | Reached XP level 3. HP: 19/19 MP: 8/10
  2184 | D:2      | Reached XP level 4. HP: 12/24 MP: 7/12
  2622 | D:2      | Found a faded altar of an unknown god.
  2676 | D:2      | Learned a level 4 spell: Iskenderun's Mystic Blast
  2681 | D:2      | Learned a level 4 spell: Fulminant Prism
  2738 | D:3      | Found a sparkling altar of Nemelex Xobeh.
  3512 | D:3      | Reached skill level 5 in Spellcasting
  3566 | D:3      | Noticed an ogre
  3571 | D:3      | Killed an ogre
  3572 | D:3      | Reached skill level 1 in Fighting
  3572 | D:3      | Reached XP level 5. HP: 25/29 MP: 8/14
  3780 | D:4      | Noticed Edmund
  3787 | D:4      | Killed Edmund
  3788 | D:4      | Reached XP level 6. HP: 35/35 MP: 6/15
  3913 | D:4      | Noticed Eustachio
  4474 | D:4      | Reached skill level 1 in Translocations
  4528 | D:4      | Noticed Pikel
  4530 | D:4      | Identified the +3 hunting sling of Skirmishing {venom, rF+
                  | Str+6}
  4555 | D:4      | Killed Pikel
  4556 | D:4      | Reached skill level 5 in Dodging
  4556 | D:4      | Reached XP level 7. HP: 34/41 MP: 7/16
  4697 | D:4      | Noticed Grinder
  4704 | D:4      | Killed Grinder
  4705 | D:4      | Reached XP level 8. HP: 46/46 MP: 10/17
  4892 | D:4      | Killed Eustachio
  4893 | D:4      | Reached skill level 5 in Translocations
  5167 | D:5      | Entered Level 5 of the Dungeon
  5254 | D:5      | Reached skill level 1 in Hexes
  5298 | D:5      | Found Demuux's Jewellery Shop.
  5660 | D:5      | Reached skill level 5 in Stealth
  5727 | D:5      | Reached skill level 5 in Hexes
  5727 | D:5      | Reached skill level 1 in Evocations
  5793 | D:5      | Found a basalt altar of Yredelemnul.
  5793 | D:5      | Found an iron altar of Okawaru.
  5818 | D:5      | Found a blossoming altar of Fedhas.
  5822 | D:5      | Found a burning altar of Makhleb.
  6559 | D:6      | Noticed a troll
  6566 | D:6      | Killed a troll
  6567 | D:6      | Reached XP level 9. HP: 45/50 MP: 5/18
  6782 | D:6      | Noticed Menkaure
  6785 | D:6      | Killed Menkaure
  6990 | D:6      | Noticed Dowan
  6991 | D:6      | Noticed Duvessa
  6999 | D:6      | Killed Dowan
  7010 | D:6      | Killed Duvessa
  7333 | D:6      | Found a staircase to the Ecumenical Temple.
  7352 | Temple   | Entered the Ecumenical Temple
  7930 | D:6      | Reached skill level 5 in Evocations
  9057 | D:6      | Found an opulent altar of Gozag.
  9057 | D:6      | Found a sacrificial altar of Ru.
  9163 | D:7      | You fall into a shaft and drop 2 floors!
  9192 | D:9      | Found a hide-covered altar of Uskayaw.
  9209 | D:9      | Found a staircase to the Orcish Mines.
  9253 | D:8      | Noticed Erica
  9264 | D:8      | Killed Erica
  9265 | D:8      | Reached skill level 5 in Fighting
  9265 | D:8      | Reached skill level 10 in Conjurations
  9265 | D:8      | Reached XP level 10. HP: 53/59 MP: 6/19
  9813 | D:7      | Found a bloodstained altar of Trog.
 10196 | D:7      | Found a glowing silver altar of Zin.
 10536 | D:8      | Identified the +0 pair of boots of Yguxtobi {Slay+3}
 10666 | D:8      | Identified the +2 robe of Pandemonium {*Slow rPois rF+
                  | Str+2}
 10759 | D:8      | Found Hetaet Zucs's Weapon Emporium.
 10759 | D:8      | Noticed Gastronok
 10775 | D:8      | Killed Gastronok
 10838 | D:8      | Learned a level 5 spell: Fireball
 10911 | D:8      | Reached skill level 1 in Fire Magic
 11114 | D:8      | Found a staircase to the Lair.
 11461 | D:9      | Found an ancient bone altar of Kikubaaqudgha.
 11484 | D:9      | Found a radiant altar of Vehumet.
 11514 | D:9      | Found a shimmering blue altar of Sif Muna.
 11535 | D:9      | Became a worshipper of Sif Muna the Loreminder
 11619 | D:9      | Reached XP level 11. HP: 63/63 MP: 19/23
 12059 | D:9      | Found Qugug's Antique Armour Emporium.
 12131 | D:9      | Reached * piety under Sif Muna
 12381 | D:9      | Noticed a wizard
 12385 | D:9      | Killed a wizard
 12386 | D:9      | Reached skill level 5 in Fire Magic
 12672 | Lair:1   | Entered Level 1 of the Lair of Beasts
 12678 | Lair:1   | Reached skill level 1 in Invocations
 12991 | Lair:1   | Noticed an eight-headed hydra
 13003 | Lair:1   | Killed an eight-headed hydra
 13425 | D:5      | Bought the ring of Xom's Wantonness {MP+9 Int+4} for 424
                  | gold pieces
 13792 | Lair:1   | Noticed Urug
 13814 | Lair:1   | Killed Urug
 13815 | Lair:1   | Reached skill level 5 in Invocations
 14045 | Lair:1   | Reached ** piety under Sif Muna
 14476 | Lair:1   | Learned a level 5 spell: Lee's Rapid Deconstruction
 14479 | Lair:1   | Learned a level 2 spell: Passwall
 15041 | D:10     | Entered Level 10 of the Dungeon
 15110 | D:10     | Reached skill level 1 in Shields
 15110 | D:10     | Reached XP level 12. HP: 60/68 MP: 17/24
 15283 | D:10     | Noticed Sonja
 15289 | D:10     | Reached skill level 1 in Earth Magic
 15308 | D:10     | Killed Sonja
 15520 | D:10     | Reached *** piety under Sif Muna
 15777 | D:10     | Noticed a two-headed ogre
 15801 | D:10     | Killed a two-headed ogre
 16001 | D:10     | Noticed a fire dragon
 16204 | Lair:1   | Learned a level 3 spell: Stone Arrow
 16900 | D:11     | Reached skill level 5 in Earth Magic
 16999 | D:11     | Found Imi Vac's Jewellery Boutique.
 17224 | D:11     | Noticed a two-headed ogre
 17233 | D:11     | Killed a two-headed ogre
 18193 | D:12     | Reached skill level 1 in Transmutations
 18512 | D:12     | Noticed a two-headed ogre
 18516 | D:12     | Killed a two-headed ogre
 18517 | D:12     | Noticed a two-headed ogre
 18523 | D:12     | Killed a two-headed ogre
 18626 | D:12     | Noticed a boulder beetle
 18634 | D:12     | Killed a boulder beetle
 18635 | D:12     | Reached XP level 13. HP: 72/72 MP: 25/25
 18749 | D:12     | Identified a scroll of acquirement
 18749 | D:12     | Acquired 303 gold pieces
 19374 | Lair:2   | Reached skill level 1 in Armour
 19572 | Lair:2   | You fall into a shaft and drop 2 floors!
 19866 | Lair:2   | Found a staircase to the Snake Pit.
 20098 | Lair:2   | Reached **** piety under Sif Muna
 21521 | D:11     | Bought the ring "Lolu" {rC+ rCorr Int+5} for 625 gold
                  | pieces
 21782 | Lair:3   | Noticed Rupert
 21795 | Lair:3   | Killed Rupert
 21796 | Lair:3   | Reached skill level 5 in Transmutations
 22009 | Lair:3   | Reached skill level 10 in Invocations
 23559 | Lair:4   | Noticed Nessos
 23578 | Lair:4   | Killed Nessos
 24944 | Lair:4   | Found a staircase to the Shoals.
 25078 | Lair:4   | Reached skill level 10 in Spellcasting
 25315 | Lair:5   | Reached ***** piety under Sif Muna
 25513 | Lair:5   | Reached XP level 14. HP: 61/78 MP: 27/30
 26289 | Lair:5   | Found a staircase to the Slime Pits.
 26581 | Lair:5   | Found a viscous altar of Jiyva.
 27766 | D:13     | Noticed Azrael
 28051 | D:13     | Identified Haboghom's Disquisition on Malediction (Sif Muna
                  | gifted it to you on level 13 of the Dungeon)
 28051 | D:13     | Received a gift from Sif Muna
 28374 | D:13     | Killed Azrael
 28853 | D:14     | Identified the +1 scale mail of Wuseiner {Fly rElec rC+
                  | Stlth-}
 28922 | D:14     | Learned a level 5 spell: Summon Mana Viper
 29104 | D:14     | Found a gate to the Vaults.
 29443 | D:14     | Reached skill level 5 in Armour
 29915 | D:14     | Found a white marble altar of Elyvilon.
 29960 | D:14     | Identified the +8 chain mail of Lightning Storm {rPois}
 30363 | D:15     | Entered Level 15 of the Dungeon
 30997 | D:15     | Reached skill level 1 in Summonings
 31429 | D:15     | Found a staircase to the Depths.
 32500 | D:15     | Paralysed by an orc sorcerer for 7 turns
 32599 | D:15     | Acquired the Collected Works on Dislocation and
                  | Transmutation
 33188 | Lair:6   | Entered Level 6 of the Lair of Beasts
 33191 | Lair:6   | Reached XP level 15. HP: 82/82 MP: 31/33
 33281 | Lair:6   | Identified Guum's Guide on Earthen Translocation (Sif Muna
                  | gifted it to you on level 6 of the Lair of Beasts)
 33281 | Lair:6   | Received a gift from Sif Muna
 33286 | Lair:6   | Learned a level 2 spell: Blink
 33517 | Lair:5   | Reached skill level 5 in Summonings
 35548 | Lair:6   | Reached skill level 5 in Shields
 35876 | Lair:6   | Acquired a book of Transfigurations
 35884 | Lair:6   | Learned a level 5 spell: Irradiate
 36262 | Lair:6   | Acquired the Compendium of Supportive Combat Magic
 36556 | Lair:6   | Received a gift from Sif Muna
 36909 | Lair:6   | Noticed Kirke
 36915 | Lair:6   | Killed Kirke
 37319 | Orc:1    | Entered Level 1 of the Orcish Mines
 38245 | Orc:2    | Entered Level 2 of the Orcish Mines
 38551 | Orc:2    | Noticed Erolcha
 38647 | Orc:2    | Killed Erolcha
 39241 | Orc:2    | Noticed an orc warlord
 39259 | Orc:1    | Killed an orc warlord
 39260 | Orc:1    | Reached skill level 10 in Fire Magic
 40112 | Orc:2    | Found a staircase to the Elven Halls.
 40528 | Orc:2    | Found Sifrio's Jewellery Shoppe.
 40555 | Orc:2    | Noticed an orc warlord
 40569 | Orc:2    | Killed an orc warlord
 40572 | Orc:2    | Found Vialin's General Store.
 40758 | Orc:2    | Found Jiomigemp's Antique Armour Shoppe.
 40810 | Orc:2    | Bought 22 sling bullets for 143 gold pieces
 40826 | Orc:2    | Bought a shimmering robe for 142 gold pieces
 40826 | Orc:2    | Identified the +2 robe of the Fiend {rPois Regen+ Int-2
                  | Dex+4} (You bought it in a shop on level 2 of the Orcish
                  | Mines)
 40847 | Orc:2    | Found Lirchechab's Mayhem Merchandise.
 40894 | Orc:2    | Reached XP level 16. HP: 92/92 MP: 32/34
 40905 | Orc:2    | Identified Sif Muna's Volume of Hexes (Sif Muna gifted it
                  | to you on level 2 of the Orcish Mines)
 40905 | Orc:2    | Received a gift from Sif Muna
 41138 | Orc:2    | Found Iklox's Antique Weapon Shoppe.
 41460 | D:10     | Identified the Almanac of Creative Evil
 41649 | Lair:1   | Learned a level 3 spell: Tukima's Dance
 41703 | Snake:1  | Entered Level 1 of the Snake Pit
 42758 | Snake:1  | Noticed Donald
 42763 | Snake:1  | Killed from afar by a shock serpent

Illustrated notes

Levels and vault maps discovered:
D:1:      scummos_arrival_gate, layout_loops_corners, serial_shops,
          nicolae_shop_crystal
D:2:      layout_loops_corners, shapermc_ecumenical_altar_mp_vishouse,
          st_stairs_6, roderic_lattice_a
D:3:      minmay_diamond_boxcup, layout_basic, overflow_temple_1_default
D:4:      layout_basic, uniq_grinder, uniq_eustachio, uniq_edmund, uniq_pikel
D:5:      layout_basic, nicolae_overflow_hidden_temple,
          gammafunk_temple_overflow_pools, serial_shops, shop, minmay_pentangle
D:6:      lemuel_ratsnest, layout_loops_corners, gammafunk_temple_overflow_wave,
          minmay_temple_entry_offerings, uniq_duvessa, uniq_menkaure
D:7:      layout_loops_ring, zin_academy, trog_butcher_becter
D:8:      layout_rooms, david_lair_shrubbed, serial_shops, shop, uniq_gastronok,
          uniq_erica
D:9:      layout_long_grid, palyth_temple_overflow_mages, kennysheep_little_box,
          david_orc_2, serial_shops, nicolae_shop_behind_doors,
          solitary_fountain, lightli_wizard_tower
D:10:     dragon1_lemuel, layout_irregular_city, hex_medium, uniq_sonja
D:11:     layout_roguey, serial_shops, shop, hangedman_decor_growths
D:12:     layout_roguey, serial_rivers, chequers_serial_rivers_micro_e,
          chequers_serial_rivers_small_a, chequers_serial_rivers_micro_e,
          chequers_serial_rivers_room_a, chequers_serial_rivers_large_a,
          drop_trap
D:13:     layout_roguey, uniq_azrael
D:14:     layout_cave_pods, erik_vaults_1, elyvilon_altar_1
D:15:     gammafunk_depths_entry_grave, layout_irregular_city,
          grunt_decor_clamped, st_stairs_11, minmay_microvault
Temple:   jpeg_temple_island
Lair:1:   lemuel_slime, layout_loops_ring, uniq_urug
Lair:2:   minmay_lair_venomous_thicket, layout_big_grid, dummy_snake_entry,
          eino_small_chamber_without_monster
Lair:3:   layout_roguey, infiniplex_staircase_pool_2, grunt_megastairs_4,
          serial_bayou_shore_a, uniq_rupert
Lair:4:   layout_regular_city, elwin_shoals_entry_stream, patterned_corridor,
          minmay_lair_oklob_chamber, grunt_megastairs_3, uniq_nessos
Lair:5:   layout_small_grid, slime_altar_1, serial_bayou_shore_b
Lair:6:   hangedman_lair_in_review, layout_cave_pods, guppyfry_lair_end_dragon,
          serial_bayou_shore_b, uniq_kirke
Snake:1:  layout_cave_pods, uniq_donald
Orc:1:    layout_caves
Orc:2:    grunt_orc_cross, layout_caves, minmay_shop_mayhem,
          minmay_orc_barracks, uniq_erolcha

Skill      XL: |  1  2  3  4  5  6  7  8  9 10 11 12 13 14 15 16 |
---------------+-------------------------------------------------+-----
Spellcasting   | 4 5 7 10 12 | 12.0
Conjurations   | 5 6 7 10 12 | 12.0
Fighting       | 1 2 3 5 7 |  7.0
Translocations | 4 5 6 7 9 |  9.0
Dodging        | 5 6 7 9 |  9.0
Hexes          | 5 7 |  7.9
Stealth        | 5 7 8 |  8.2
Evocations     | 3 5 7 |  7.0
Fire Magic     | 2 7 10 11 | 11.1
Invocations    | 6 9 11 12 | 12.0
Shields        | 1 4 7 |  7.0
Earth Magic    | 7 |  7.0
Transmutations | 3 5 |  5.0
Armour         | 3 5 |  5.0
Summonings     | 4 5 |  5.0

Action                   |  1- 3 |  4- 6 |  7- 9 | 10-12 | 13-15 | 16-18 || total
-------------------------+-------+-------+-------+-------+-------+-------++-------
Melee: Hand axe          |     2 |       |       |       |       |       ||     2
       Dagger            |     1 |       |       |       |       |       ||     1
       Whip              |    10 |     8 |     2 |     5 |    34 |       ||    59
       Staff             |       |       |       |       |     3 |       ||     3
 Fire: Fustibalus        |       |    27 |     6 |       |       |       ||    33
       Hunting sling     |       |       |    79 |   256 |   341 |     8 ||   684
Throw: Javelin           |       |       |     2 |       |       |       ||     2
       Dart              |       |       |       |     9 |    20 |     3 ||    32
 Cast: Magic Dart        |    47 |    13 |       |     2 |       |       ||    62
       Searing Ray       |     6 |    16 |    49 |    74 |    10 |       ||   155
       Iskenderun's Myst |       |       |     7 |    39 |   139 |    13 ||   198
       Fulminant Prism   |       |       |     1 |     8 |     6 |     4 ||    19
       Fireball          |       |       |       |    13 |    75 |     5 ||    93
       Stone Arrow       |       |       |       |    26 |   393 |    23 ||   442
       Lee's Rapid Decon |       |       |       |     4 |    81 |       ||    85
       Irradiate         |       |       |       |       |     5 |     3 ||     8
       Blink             |       |       |       |       |     1 |       ||     1
       Summon Mana Viper |       |       |       |       |     1 |       ||     1
       Ignition          |       |       |       |       |     1 |       ||     1
Invok: Channel Magic     |       |       |       |       |     3 |       ||     3
       Divine Exegesis   |       |       |       |       |     1 |       ||     1
Evoke: Wand              |       |       |       |       |    14 |     3 ||    17
  Use: Scroll            |       |     6 |    11 |    10 |    12 |       ||    39
       Potion            |       |       |     1 |     1 |     1 |       ||     3
 Stab: Sleeping          |     1 |       |       |       |       |       ||     1
Armor: Robe              |     3 |       |     1 |    17 |    50 |     4 ||    75
Dodge: Dodged            |    13 |    19 |    23 |   111 |   191 |    15 ||   372
Block: Buckler           |       |       |       |     3 |    88 |     5 ||    96

Table legend: (Time is in decaauts)
 A = Elapsed time spent in this place.
 B = Non-inter-level travel time spent in this place.
 C = Inter-level travel time spent in this place.
 D = Time resting spent in this place.
 E = Time spent auto-exploring this place.
 F = Levels seen in this place.
 G = Mean time per level.
                   A        B        C        D        E       F      G
               +--------+--------+--------+--------+--------+-----+--------+
         Total |  43099 |  40018 |   3081 |  18326 |  15253 |  25 | 1724.0 |
       Dungeon |  23711 |  21695 |   2016 |   8680 |   9741 |  15 | 1580.7 |
        Temple |    265 |    249 |     16 |      0 |    248 |   1 |  265.0 |
          Lair |  15274 |  14353 |    921 |   7621 |   4424 |   6 | 2545.7 |
     Snake Pit |    270 |    270 |      0 |    138 |     51 |   1 |  270.0 |
  Orcish Mines |   3578 |   3451 |    127 |   1887 |    788 |   2 | 1789.0 |
               +--------+--------+--------+--------+--------+-----+--------+

Top non-repeatable levels by time:
  Lair:6: 3327 daAuts
  Lair:4: 2966 daAuts
  Lair:1: 2720 daAuts
     D:6: 2259 daAuts
  Lair:5: 2224 daAuts
  Lair:2: 2157 daAuts
    D:15: 2091 daAuts
   Orc:1: 2077 daAuts
     D:9: 1897 daAuts
  Lair:3: 1878 daAuts
    D:11: 1766 daAuts
     D:5: 1745 daAuts
    D:14: 1680 daAuts
    D:10: 1599 daAuts
     D:2: 1574 daAuts
